 Dungeon Crawl Stone Soup version 0.27-a0-797-g27d10ad80f (webtiles) character file.

Game seed: 4576659155107692276

3604 funkygono the Thaumaturge (level 10, -10/63 HPs)
             Began as a Djinni Fire Elementalist on Mar 26, 2021.
             Was a Priest of Zin.
             Mangled by Erica
             ... wielding a +0 scimitar of flaming
              (13 damage)
             ... on level 7 of the Dungeon on Mar 27, 2021.
             The game lasted 00:21:03 (9983 turns).

funkygono the Thaumaturge (DjFE)                    Turns: 9983, Time: 00:21:04

Health: -10/63     AC:  4    Str:  7    XL:     10   Next: 10%
Gold:   373        EV: 13    Int: 21    God:    Zin [***...] SH:  0 Dex: 13

rFire    + + +     SeeInvis .   m - +5 short sword (venom)
rCold    x x .     Faith    .   (no shield)
rNeg     . . .     Spirit   .   a - +2 robe
rPois    ∞         Reflect  .   (no helmet)
rElec    .         Harm     .   (no cloak)
rCorr    .         Rampage  .   (no gloves)
Will     +....                  (boots unavailable)
Stlth    +.........             n - amulet of the acrobat
HPRegen  0.20/turn              (no ring)
MPRegen  0.00/turn              c - ring of fire

@: confused, flying, slowed, very slow
A: fire resistance 2, cold vulnerability 1, float, innate caster, hp casting,
extra vitality 1
a: Renounce Religion, Recite, Vitalisation, Imprison, Donate Gold


You were on level 7 of the Dungeon.
You worshipped Zin.
Zin was most pleased with you.
You visited 2 branches of the dungeon, and saw 9 of its levels.

You collected 414 gold pieces.
You donated 41 gold pieces to Zin.

Inventory:

Hand Weapons
 f - a +1 whip of electrocution
 m - a +5 short sword of venom (weapon)
Armour
 a - a +2 robe (worn)
 e - a +0 scale mail
Jewellery
 c - a ring of fire (right hand)
 n - an amulet of the acrobat (around neck)
Wands
 k - a wand of flame (11)
 l - a wand of acid (4)
 p - a wand of iceblast (12)
 t - a wand of digging (3)
Scrolls
 q - a scroll of enchant armour
Potions
 b - 3 potions of cancellation
 d - 2 potions of mutation
 g - 2 potions of might {unknown}
 h - a potion of heal wounds {unknown}
 i - 3 potions of attraction
 j - a potion of curing {unknown}
 r - 2 potions of lignification {unknown}


   Skills:
 + Level 1.4 Fighting
 + Level 4.6 Dodging
 - Level 1.5 Stealth
 * Level 11.5 Spellcasting


You had 7 spell levels left.
You knew the following spells:

 Your Spells              Type           Power      Damage    Failure   Level
a - Foxfire               Conj/Fire      100%       2x1d9     1%          1
b - Conjure Flame         Conj/Fire      74%        6-21      1%          3
c - Inner Flame           Hex/Fire       74%        N/A       1%          3
d - Sticky Flame          Conj/Fire      74%        2d9       1%          4
e - Fireball              Conj/Fire      37%        3d15      1%          5
f - Shock                 Conj/Air       100%       1d9       1%          1
g - Blink                 Tloc           N/A        N/A       1%          2
h - Ensorcelled Hibernat  Hex/Ice        100%       N/A       1%          2
i - Summon Ice Beast      Ice/Summ       57%        N/A       1%          4
Your spell library was empty.

Dungeon Overview and Level Annotations

Branches:
Dungeon (8/15)             Temple (1/1) D:4
   Lair: D:8-11

Altars:
Ashenzari
Cheibriados
Fedhas
Gozag
Hepliaklqana
Kikubaaqudgha
Makhleb
Nemelex Xobeh
Okawaru
Qazlal
Ru
Sif Muna
Trog
Uskayaw
Vehumet
Wu Jian
Xom
Zin
The Shining One

Shops:
D:3 !   D:7 *

Annotations:
D:3 3 runed translucent doors, banchobear's ghost, weakling DDFi
D:7 Erica


Innate Abilities, Weirdness & Mutations

You are immune to poison.
Your flesh is very heat resistant. (rF++)
You are vulnerable to cold. (rC-)
You float through the air rather than walking.
You learn spells naturally, not from books.
Your magical power is your life essence.
You have superior vitality. (+4 HP)


Message History

Erica is lightly wounded.
Casting: Foxfire (safe; 1% risk of failure)
Confirm with . or Enter, or press ? or * to list all spells.
You feel a surge of power!
You conjure some foxfire!
The foxfire hits Erica.
Erica is moderately wounded.
The foxfire hits Erica.
Erica is moderately wounded.
Casting: Foxfire (safe; 1% risk of failure)
Confirm with . or Enter, or press ? or * to list all spells.
You feel a surge of power!
You conjure some foxfire!
The foxfire hits Erica!
Erica is moderately wounded.
Erica points at herself and mumbles some strange words.
Erica flickers and vanishes!
Deactivating autopickup; reactivate with Ctrl-A.
Casting: Foxfire (safe; 1% risk of failure)
Confirm with . or Enter, or press ? or * to list all spells.
You feel a surge of power!
You conjure some foxfire!
The foxfire hits something. x2
You start resting.
The foxfire hits something!
The foxfire hits something.
The foxfire hits something!
You start resting.
You feel yourself slow down.
You start resting.
Something misses you.
You start resting.
Something completely misses you. Something hits you!
* * * LOW HITPOINT WARNING * * *
Something burns you.
* * * LOW HITPOINT WARNING * * *
You hear some strange, mumbled words.
You are confused.
You fly upwards.
Reactivating autopickup.
There is a stone staircase leading down here.
Unknown command.
Deactivating autopickup; reactivate with Ctrl-A.
You hit something. Something hits you!
* * * LOW HITPOINT WARNING * * *
Something burns you.
* * * LOW HITPOINT WARNING * * *
Something hits you!
You die...

########
#############......#
#.(...@.....#.####.#
###### #.######..#...#
#.# .....#
#.#####...#...####.####
####.##
#.##....#####..........
.# #..##
#.##.##...#...#....####
.###.#.##
#.........#........# #
§§§.###.#
####.^###...###...## #
§≈##.#.## #....#.###
##.## # §§≈...##
##.#.#.# #.# #


There were no monsters in sight!

Vanquished Creatures
  A troll (D:6)
  5 yaks (D:7)
  A wyvern (D:7)
  Eustachio (D:4)
  An orc warrior (D:8)
  2 ice beasts (D:6)
  3 necrophages
  2 ogres (D:5)
  A centaur (D:6)
  A phantom (D:6)
  A kobold brigand (D:5)
  Blork the orc (D:5)
  3 bullfrogs
  A scorpion (D:5)
  9 wights
  2 electric eels (D:7)
  A bullfrog zombie (D:6)
  A jelly (D:4)
  2 bullfrog skeletons (D:7)
  9 orc wizards
  2 iguanas
  Ijyb (D:4)
  A killer bee zombie (D:5)
  5 gnolls
  2 adders (D:4)
  2 shadow imps
  4 white imps
  3 worms
  A dart slug (D:1)
  4 orcs
  9 endoplasms
  3 giant cockroaches
  5 hobgoblins
  10 jackals
  6 quokkas
  7 ball pythons
  11 bats
  5 frilled lizards
  7 goblins
  11 kobolds
  2 rats (D:1)
  A rat zombie (D:5)
150 creatures vanquished.

Vanquished Creatures (collateral kills)
  A gnoll sergeant (D:8)
  A wight (D:8)
  An orc wizard (D:7)
  3 gnolls (D:8)
  An orc (D:8)
7 creatures vanquished.

Vanquished Creatures (others)
  An ogre (D:7)
  A bullfrog (D:7)
  371 foxfires
  3 plants (D:7)
376 creatures vanquished.

Grand Total: 533 creatures vanquished

Notes
Turn   | Place    | Note
-------+----------+-------------------------------------------
     0 | D:1      | funkygono the Djinni Fire Elementalist began the quest for
                  | the Orb.
     0 | D:1      | Reached XP level 1. HP: 15/15 MP: 0/0
    94 | D:1      | Reached skill level 3 in Spellcasting
    98 | D:1      | Reached XP level 2. HP: 11/21 MP: 0/0
   773 | D:1      | Reached XP level 3. HP: 24/25 MP: 0/0
   773 | D:1      | Learned a level 1 spell: Shock
  1765 | D:2      | Reached skill level 4 in Spellcasting
  2147 | D:3      | Reached XP level 4. HP: 28/31 MP: 0/0
  2680 | D:3      | Found Fourchuv's Distillery.
  2794 | D:3      | Reached XP level 5. HP: 34/35 MP: 0/0
  2794 | D:3      | Learned a level 2 spell: Blink
  2912 | D:3      | Noticed banchobear's ghost (weakling DDFi)
  2921 | D:3      | Found a runed translucent gate.
  2921 | D:3      | Found a runed translucent gate.
  2921 | D:3      | Found a runed translucent gate.
  3058 | D:3      | Found a blossoming altar of Fedhas.
  3472 | D:4      | Found a stormy altar of Qazlal.
  3472 | D:4      | Found a bloodstained altar of Trog.
  3529 | D:4      | Found a staircase to the Ecumenical Temple.
  3567 | Temple   | Entered the Ecumenical Temple
  3676 | Temple   | Became a worshipper of Zin the Law-Giver
  3676 | Temple   | Reached * piety under Zin
  3777 | D:4      | Noticed Ijyb
  3798 | D:4      | Killed Ijyb
  4093 | D:4      | Reached skill level 5 in Spellcasting
  4413 | D:4      | Found an ornate altar of the Wu Jian Council.
  4472 | D:4      | Noticed Eustachio
  4488 | D:4      | Killed Eustachio
  4489 | D:4      | Reached XP level 6. HP: 18/40 MP: 0/0
  4956 | D:5      | Entered Level 5 of the Dungeon
  4964 | D:5      | Reached skill level 6 in Spellcasting
  5085 | D:5      | Reached XP level 7. HP: 30/45 MP: 0/0
  5085 | D:5      | Learned a level 2 spell: Ensorcelled Hibernation
  5311 | D:5      | Noticed Blork the orc
  5319 | D:5      | Killed Blork the orc
  5405 | D:5      | You are sucked into a shaft and drop 1 floor!
  5417 | D:6      | Reached skill level 7 in Spellcasting
  5555 | D:6      | Reached XP level 8. HP: 45/51 MP: 0/0
  5645 | D:6      | Reached ** piety under Zin
  5698 | D:5      | Upgraded the game from 0.27-a0-789-g6bb3289e1e to
                  | 0.27-a0-797-g27d10ad80f
  5745 | D:5      | Reached skill level 8 in Spellcasting
  6568 | D:6      | Found a shimmering altar of Xom.
  6672 | D:6      | Found a hazy altar of Hepliaklqana.
  6977 | D:6      | Reached skill level 9 in Spellcasting
  7092 | D:6      | Found a glowing golden altar of the Shining One.
  7461 | D:7      | Noticed a troll
  7467 | D:7      | Noticed a wyvern
  7603 | D:6      | Killed a troll
  7604 | D:6      | Reached XP level 9. HP: 16/56 MP: 0/0
  7604 | D:6      | Learned a level 4 spell: Summon Ice Beast
  7858 | D:7      | Zin protects you from harm!
  8237 | D:7      | Found a shimmering altar of Xom.
  8276 | D:7      | Reached skill level 10 in Spellcasting
  8573 | D:7      | Found Ticziapa's Assorted Antiques.
  8646 | D:7      | Reached skill level 1 in Fighting
  8953 | D:7      | Reached *** piety under Zin
  9144 | D:7      | Reached skill level 11 in Spellcasting
  9776 | D:8      | Noticed Erica
  9779 | D:8      | Reached XP level 10. HP: 52/62 MP: 0/0
  9983 | D:7      | HP: 3/63 [something (1)]
  9983 | D:7      | Mangled by Erica

Illustrated notes

Levels and vault maps discovered:
D:1:      denvon_arrival_planthouse, layout_basic
D:2:      layout_rooms, serial_curves, eino_curves_03, eino_curves_01
D:3:      layout_basic, fedhas_altar_fruit_tree, serial_shops,
          nicolae_shop_behind_doors, gammafunk_ghost_split
D:4:      layout_loops_corners, gammafunk_temple_overflow_statue,
          kennysheep_little_box, minmay_temple_entry_offerings, uniq_ijyb,
          uniq_eustachio
D:5:      layout_cave_pools, lemuel_zombie_altar_kikubaaqudgha,
          lemuel_coloured_pillars_altar, uniq_blork_the_orc
D:6:      layout_basic, nicolae_overflow_crystal_walls, tso_altar,
          overflow_temple_1_default, kennysheep_generic_room_14
D:7:      minmay_flawed_box, layout_loops_corners, serial_shops,
          nicolae_shop_overgrown_old_shop, kennysheep_diamond,
          xom_confusion_cloud
D:8:      minmay_chambers_of_sixes, layout_loops_ring,
          nicolae_dithmenos_through_a_glass_darkly, uniq_erica
Temple:   eino_temple_lava

Skill      XL: |  1  2  3  4  5  6  7  8  9 |
---------------+----------------------------+-----
Spellcasting   | 3 4 5 6 7 9 11 | 11.5
Dodging        | 3 4 |  4.6
Fighting       | 1 |  1.4
Stealth        | |  1.5

Action                   |  1- 3 |  4- 6 |  7- 9 | 10-12 || total
-------------------------+-------+-------+-------+-------++-------
Melee: Short sword       |       |       |     3 |     1 ||     4
 Cast: Foxfire           |    51 |    37 |   132 |     8 ||   228
       Shock             |    26 |    46 |    12 |       ||    84
       Sticky Flame      |       |       |    21 |     1 ||    22
       Ensorcelled Hiber |       |       |     3 |     2 ||     5
       Inner Flame       |       |       |     2 |       ||     2
       Conjure Flame     |       |       |     1 |       ||     1
       Blink             |       |       |     1 |       ||     1
       Fireball          |       |       |     2 |     5 ||     7
       Summon Ice Beast  |       |       |     1 |     2 ||     3
  Use: Scroll            |     4 |     6 |     8 |       ||    18
 Stab: Sleeping          |       |       |     1 |       ||     1
Armor: Robe              |     1 |     2 |     9 |       ||    12
Dodge: Dodged            |     5 |    10 |    34 |     7 ||    56

Table legend: (Time is in decaauts)
 A = Elapsed time spent in this place.
 B = Non-inter-level travel time spent in this place.
 C = Inter-level travel time spent in this place.
 D = Time resting spent in this place.
 E = Time spent auto-exploring this place.
 F = Levels seen in this place.
 G = Mean time per level.
                   A        B        C        D        E       F      G
               +--------+--------+--------+--------+--------+-----+--------+
         Total |   9987 |   9808 |    179 |   1174 |   7375 |   9 | 1109.7 |
       Dungeon |   9871 |   9692 |    179 |   1174 |   7375 |   8 | 1233.9 |
        Temple |    116 |    116 |      0 |      0 |      0 |   1 |  116.0 |
               +--------+--------+--------+--------+--------+-----+--------+

Top non-repeatable levels by time:
     D:6: 2062 daAuts
     D:7: 1827 daAuts
     D:4: 1479 daAuts
     D:1: 1316 daAuts
     D:3: 1219 daAuts
     D:5: 1083 daAuts
     D:2: 821 daAuts
  Temple: 116 daAuts
     D:8: 60 daAuts
